| TOP OF THE 1ST |
|
Greensboro Hornets batting - Pitching for Burlington Senators : RHP Rick Steirer
|
|
Pitching: RHP Rick Steirer
|
|
|
Batting: RHB Armando Moreno
|
0-0: Called Strike 0-1: Ball 1-1: Called Strike 1-2: Strikes out swinging
|
|
Batting: LHB Ozzie Guillen
|
0-0: Called Strike 0-1: Ball 1-1: Ground out 5-3 (Groundball, 56, EV 86.9 MPH)
|
|
Batting: LHB Preston Cash
|
0-0: Ball 1-0: Foul Ball, location: 2F 1-1: SINGLE (Groundball, 25, EV 75.0 MPH) (infield hit)
|
|
Batting: RHB Greg Jelks
|
0-0: Ball 1-0: Ball 2-0: Swinging Strike 2-1: Ball 3-1: Foul Ball, location: 2F 3-2: Strikes out swinging
|
| Top of the 1st over - 0 runs, 1 hit, 0 errors, 1 left on base; Greensboro 0 - Burlington 0 |
| BOTTOM OF THE 1ST |
|
Burlington Senators batting - Pitching for Greensboro Hornets : RHP Jim Pettibone
|
|
Pitching: RHP Jim Pettibone
|
|
|
Batting: LHB Daniel Spain
|
0-0: Ball 1-0: Ball 2-0: SINGLE (Line Drive, 5L, EV 93.8 MPH)
|
|
Batting: RHB Raymond Bresnahan
|
0-0: Ball 1-0: Ball 2-0: Called Strike 2-1: Ball 3-1: Foul Ball, location: 2F 3-2: Fly out, F9 (Flyball, 9LM, EV 105.6 MPH)
|
|
Batting: RHB Michael Spinozzi
|
0-0: Ball 1-0: Ball 2-0: SINGLE (Line Drive, 7S, EV 104.4 MPH) Daniel Spain to second Runner from 2nd tries for 3rd, SAFE, throw by LF made to third
|
|
Batting: LHB John Skorochocki
|
0-0: Ball 1-0: Ground out U3 (Groundball, 34S, EV 64.4 MPH) Daniel Spain scores Michael Spinozzi to second
|
|
Batting: RHB Richard Hertel
|
0-0: Ball 1-0: Called Strike 1-1: Ball 2-1: Ball 3-1: Reached on error, E6 (Groundball, 6, EV 103.1 MPH) Michael Spinozzi scores
|
|
Batting: LHB Jesus Sandoval
|
0-0: Called Strike 0-1: Swinging Strike 0-2: Ball 1-2: Ball 2-2: Ball 3-2: Ground out 4-3 (Groundball, 34, EV 103.1 MPH)
|
| Bottom of the 1st over - 2 runs, 2 hits, 1 error, 1 left on base; Greensboro 0 - Burlington 2 |
| TOP OF THE 2ND |
|
Greensboro Hornets batting - Pitching for Burlington Senators : RHP Rick Steirer
|
|
Batting: LHB Fernando Vazquez
|
0-0: Ball 1-0: Ball 2-0: Ball 3-0: Base on Balls
|
|
Batting: LHB Francisco Melendez
|
0-0: Ball 1-0: Swinging Strike 1-1: Grounds into double play, 4-6-3 (Groundball, 4, EV 107.5 MPH)
|
|
Batting: LHB Stephen DeMatties
|
0-0: Called Strike 0-1: SINGLE (Groundball, 4D, EV 104.4 MPH)
|
|
Batting: LHB John Hughes
|
0-0: Ball 1-0: Fly out, F4 (Line Drive, 4, EV 66.3 MPH)
|
| Top of the 2nd over - 0 runs, 1 hit, 0 errors, 1 left on base; Greensboro 0 - Burlington 2 |
| BOTTOM OF THE 2ND |
|
Burlington Senators batting - Pitching for Greensboro Hornets : RHP Jim Pettibone
|
|
Batting: RHB Glenn Millhauser
|
0-0: Ball 1-0: Swinging Strike 1-1: Ball 2-1: SINGLE (Flyball, 56D, EV 86.9 MPH)
|
|
Batting: RHB Ronnie Mears
|
0-0: Ball 1-0: Ball 2-0: Ball 3-0: Base on Balls Glenn Millhauser to second
|
|
Batting: RHB Brad Bauman
|
0-0: Called Strike 0-1: Ball 1-1: Foul Ball, location: 2F 1-2: Fly out, F3 (Popup, 34, EV 76.3 MPH)
|
|
Batting: LHB Daniel Spain
|
0-0: Called Strike 0-1: Ball Wild Pitch! Glenn Millhauser to third Ronnie Mears to second 1-1: Called Strike 1-2: Ball 2-2: Foul Ball, location: 2F 2-2: Strikes out swinging
|
|
Batting: RHB Raymond Bresnahan
|
0-0: Fly out, F9 (Flyball, 9D, EV 99.4 MPH)
|
| Bottom of the 2nd over - 0 runs, 1 hit, 0 errors, 2 left on base; Greensboro 0 - Burlington 2 |
| TOP OF THE 3RD |
|
Greensboro Hornets batting - Pitching for Burlington Senators : RHP Rick Steirer
|
|
Batting: RHB Alexis Infante
|
0-0: Ground out U3 (Groundball, 23, EV 80.6 MPH)
|
|
Batting: RHB Armando Moreno
|
0-0: Foul Ball, location: 2F 0-1: Ball 1-1: Ball 2-1: Fly out, F8 (Flyball, 89XD, EV 92.5 MPH)
|
|
Batting: LHB Ozzie Guillen
|
0-0: Ball 1-0: Ball 2-0: Ball 3-0: Called Strike 3-1: Fly out, F7 (Flyball, 78D, EV 106.3 MPH)
|
| Top of the 3rd over - 0 runs, 0 hits, 0 errors, 0 left on base; Greensboro 0 - Burlington 2 |
| BOTTOM OF THE 3RD |
|
Burlington Senators batting - Pitching for Greensboro Hornets : RHP Jim Pettibone
|
|
Batting: RHB Michael Spinozzi
|
0-0: Ball 1-0: Swinging Strike 1-1: Ball 2-1: Foul Ball, location: 2F 2-2: Ball 3-2: Foul Ball, location: 2F 3-2: Strikes out looking
|
|
Batting: LHB John Skorochocki
|
0-0: Called Strike 0-1: Foul Ball, location: 2F 0-2: Foul Ball, location: 2F 0-2: Fly out, F7 (Line Drive, 78M, EV 95.6 MPH)
|
|
Batting: RHB Richard Hertel
|
0-0: SINGLE (Groundball, 6D, EV 97.5 MPH)
|
|
Batting: LHB Jesus Sandoval
|
0-0: Ball 1-0: Called Strike 1-1: Called Strike 1-2: Ball 2-2: Ball Richard Hertel steals 2nd base 3-2: Ground out 4-3 (Groundball, 4M, EV 86.9 MPH)
|
| Bottom of the 3rd over - 0 runs, 1 hit, 0 errors, 1 left on base; Greensboro 0 - Burlington 2 |
| TOP OF THE 4TH |
|
Greensboro Hornets batting - Pitching for Burlington Senators : RHP Rick Steirer
|
|
Batting: LHB Preston Cash
|
0-0: Ball 1-0: Called Strike 1-1: Foul Ball, location: 2F 1-2: Ball 2-2: Foul Ball, location: 2F 2-2: Ball 3-2: Base on Balls
|
|
Batting: RHB Greg Jelks
|
0-0: Called Strike 0-1: Ball 1-1: Ball 2-1: Ball 3-1: Swinging Strike 3-2: Foul Ball, location: 2F 3-2: Strikes out swinging
|
|
Batting: LHB Fernando Vazquez
|
0-0: Called Strike 0-1: Foul Ball, location: 2F 0-2: 2-RUN HOME RUN (Flyball, 9LD, EV 101.9 MPH), Distance : 353 ft
|
|
Batting: LHB Francisco Melendez
|
0-0: Ball 1-0: Ground out U3 (Groundball, 34, EV 80.0 MPH)
|
|
Batting: LHB Stephen DeMatties
|
0-0: Ball 1-0: Called Strike 1-1: Ball 2-1: Ball 3-1: Called Strike 3-2: Foul Ball, location: 2F 3-2: TRIPLE (Line Drive, 78XD, EV 106.3 MPH)
|
|
Batting: LHB John Hughes
|
0-0: Reached on error, E5 (Groundball, 5, EV 89.4 MPH) Stephen DeMatties scores
|
|
Batting: RHB Alexis Infante
|
0-0: SINGLE (Line Drive, 4D, EV 96.9 MPH) John Hughes to second Runner from 2nd tries for 3rd, SAFE, throw by CF made to third
|
|
Batting: RHB Armando Moreno
|
0-0: Ball Balk! John Hughes scores Alexis Infante to second 1-0: Fly out, F8 (Flyball, 8LXD, EV 89.4 MPH)
|
| Top of the 4th over - 4 runs, 3 hits, 1 error, 1 left on base; Greensboro 4 - Burlington 2 |
| BOTTOM OF THE 4TH |
|
Burlington Senators batting - Pitching for Greensboro Hornets : RHP Jim Pettibone
|
|
Batting: RHB Glenn Millhauser
|
0-0: Swinging Strike 0-1: Called Strike 0-2: Ball 1-2: Fly out, F3 (Popup, 3L, EV 78.8 MPH)
|
|
Batting: RHB Ronnie Mears
|
0-0: Called Strike 0-1: Swinging Strike 0-2: SINGLE (Line Drive, 8LS, EV 95.0 MPH)
|
|
Batting: RHB Brad Bauman
|
0-0: Ball 1-0: Called Strike 1-1: Grounds into double play, 6-4-3 (Groundball, 6, EV 105.6 MPH)
|
| Bottom of the 4th over - 0 runs, 1 hit, 0 errors, 0 left on base; Greensboro 4 - Burlington 2 |
| TOP OF THE 5TH |
|
Greensboro Hornets batting - Pitching for Burlington Senators : RHP Rick Steirer
|
|
Batting: LHB Ozzie Guillen
|
0-0: Ball 1-0: Ball 2-0: Ball 3-0: Base on Balls
|
|
Batting: LHB Preston Cash
|
0-0: Ball 1-0: Ball 2-0: Ball 3-0: Called Strike 3-1: Base on Balls Ozzie Guillen to second
|
|
Batting: RHB Greg Jelks
|
0-0: Called Strike 0-1: Ball 1-1: Ball 2-1: Ball 3-1: Called Strike 3-2: Strikes out swinging
|
|
Batting: LHB Fernando Vazquez
|
0-0: Ball 1-0: Called Strike 1-1: Called Strike 1-2: Strikes out looking
|
|
Batting: LHB Francisco Melendez
|
0-0: Ball 1-0: Foul Ball, location: 2F 1-1: Ball 2-1: Swinging Strike 2-2: Fly out, F2 (Popup, 13S, EV 79.4 MPH)
|
| Top of the 5th over - 0 runs, 0 hits, 0 errors, 2 left on base; Greensboro 4 - Burlington 2 |
| BOTTOM OF THE 5TH |
|
Burlington Senators batting - Pitching for Greensboro Hornets : RHP Jim Pettibone
|
|
Batting: LHB Daniel Spain
|
0-0: Ball 1-0: Foul Ball, location: 2F 1-1: Foul Ball, location: 2F 1-2: Reached on error, E8 (Line Drive, 8LD, EV 85.6 MPH)
|
|
Batting: RHB Raymond Bresnahan
|
0-0: Called Strike 0-1: Ball 1-1: Fielders Choice at 2nd, 5-4 (Groundball, 5, EV 83.1 MPH)
|
|
Batting: RHB Michael Spinozzi
|
0-0: Ball 1-0: Ball 2-0: SINGLE (Line Drive, 8LS, EV 90.6 MPH) Raymond Bresnahan to second
|
|
Batting: LHB John Skorochocki
|
0-0: Ball 1-0: Fly out, F9 (Line Drive, 9, EV 86.3 MPH)
|
|
Batting: RHB Richard Hertel
|
0-0: Ball 1-0: Called Strike 1-1: Fly out, F8 (Flyball, 8RXD, EV 88.1 MPH)
|
| Bottom of the 5th over - 0 runs, 1 hit, 1 error, 2 left on base; Greensboro 4 - Burlington 2 |
| TOP OF THE 6TH |
|
Greensboro Hornets batting - Pitching for Burlington Senators : RHP Rick Steirer
|
|
Batting: LHB Stephen DeMatties
|
0-0: Ball 1-0: Foul Ball, location: 2F 1-1: Foul Ball, location: 2F 1-2: Ball 2-2: Foul Ball, location: 2F 2-2: Foul Ball, location: 2F 2-2: Foul Ball, location: 2F 2-2: Foul Ball, location: 2F 2-2: Ball 3-2: SINGLE (Groundball, 4MD, EV 95.0 MPH)
|
|
Batting: LHB John Hughes
|
0-0: Sac Bunt to 2L - play at first, batter OUT! 2-3 Stephen DeMatties to second
|
|
Batting: RHB Alexis Infante
|
0-0: Called Strike 0-1: Ball 1-1: Foul Ball, location: 2F 1-2: Ball 2-2: Ground out U3 (Groundball, 34, EV 104.4 MPH) Stephen DeMatties to third
|
|
Batting: RHB Armando Moreno
|
0-0: Called Strike 0-1: Ball 1-1: Ball 2-1: Ball 3-1: Base on Balls
|
|
Batting: LHB Ozzie Guillen
|
0-0: DOUBLE (Line Drive, 78D, EV 105.6 MPH) Stephen DeMatties scores Armando Moreno to third Runner from 3rd tries for Home, SAFE, throw by LF to home
|
|
Pitching: RHP John Minarcin
|
|
|
Batting: LHB Preston Cash
|
0-0: Ball 1-0: Foul Ball, location: 2F 1-1: Foul Ball, location: 2F 1-2: Foul Ball, location: 2F 1-2: Ball 2-2: Ball 3-2: Ground out 4-3 (Groundball, 34, EV 109.4 MPH)
|
| Top of the 6th over - 2 runs, 2 hits, 0 errors, 1 left on base; Greensboro 6 - Burlington 2 |
| BOTTOM OF THE 6TH |
|
Burlington Senators batting - Pitching for Greensboro Hornets : RHP Jim Pettibone
|
|
Batting: LHB Jesus Sandoval
|
0-0: Ball 1-0: Ball 2-0: Ball 3-0: Base on Balls
|
|
Batting: RHB Glenn Millhauser
|
0-0: Called Strike 0-1: Bunt missed! 0-2: Ball 1-2: Ball 2-2: Ball 3-2: Base on Balls Jesus Sandoval to second
|
|
Batting: RHB Ronnie Mears
|
0-0: Swinging Strike 0-1: Ball 1-1: Swinging Strike 1-2: Strikes out swinging
|
|
Batting: RHB Brad Bauman
|
0-0: Foul Ball, location: 2F 0-1: Ball 1-1: Foul Ball, location: 2F 1-2: Ball 2-2: Grounds into double play, 1-6-3 (Groundball, 23, EV 68.8 MPH)
|
| Bottom of the 6th over - 0 runs, 0 hits, 0 errors, 1 left on base; Greensboro 6 - Burlington 2 |
| TOP OF THE 7TH |
|
Greensboro Hornets batting - Pitching for Burlington Senators : RHP John Minarcin
|
|
Batting: RHB Greg Jelks
|
0-0: Called Strike 0-1: Ball 1-1: Ball 2-1: SOLO HOME RUN (Line Drive, 7LD, EV 103.8 MPH), Distance : 344 ft
|
|
Batting: LHB Fernando Vazquez
|
0-0: Called Strike 0-1: Ball 1-1: Ball 2-1: Foul Ball, location: 2F 2-2: SINGLE (Flyball, 7LS, EV 88.1 MPH)
|
|
Batting: LHB Francisco Melendez
|
0-0: Ball 1-0: Ball 2-0: SINGLE (Line Drive, 8RS, EV 93.1 MPH) Fernando Vazquez to second
|
|
Batting: LHB Stephen DeMatties
|
0-0: Called Strike 0-1: Swinging Strike 0-2: Strikes out looking
|
|
Batting: LHB John Hughes
|
0-0: Ball 1-0: Ball 2-0: Ball 3-0: Called Strike 3-1: Foul Ball, location: 2F 3-2: Base on Balls Fernando Vazquez to third Francisco Melendez to second
|
|
Batting: RHB Alexis Infante
|
0-0: Fielders Choice at 2nd, 3-6 (Groundball, 34, EV 105.0 MPH) Fernando Vazquez scores Francisco Melendez to third
|
|
Batting: RHB Armando Moreno
|
0-0: Called Strike 0-1: Ball 1-1: Foul Ball, location: 2F 1-2: Ball 2-2: Foul Ball, location: 2F 2-2: SINGLE (Groundball, 6D, EV 95.0 MPH) Francisco Melendez scores Alexis Infante to second Runner from 2nd tries for 3rd, SAFE, no throw by CF
|
|
Batting: LHB Ozzie Guillen
|
0-0: Foul Ball, location: 2F 0-1: Fielders Choice at 2nd, 5-4 (Groundball, 5L, EV 93.1 MPH)
|
| Top of the 7th over - 3 runs, 4 hits, 0 errors, 2 left on base; Greensboro 9 - Burlington 2 |
| BOTTOM OF THE 7TH |
|
Burlington Senators batting - Pitching for Greensboro Hornets : RHP Jim Pettibone
|
|
Pinch Hitting: RHB Miguel Rodriguez
|
0-0: Ball 1-0: Foul Ball, location: 2F 1-1: Fly out, F8 (Flyball, 8LD, EV 98.8 MPH)
|
|
Batting: RHB Raymond Bresnahan
|
0-0: Ball 1-0: Ball 2-0: Called Strike 2-1: Foul Ball, location: 2F 2-2: Foul Ball, location: 2F 2-2: Ball 3-2: Foul Ball, location: 2F 3-2: Foul Ball, location: 2F 3-2: Base on Balls
|
|
Pitching: LHP Ken Angulo
|
|
|
Pinch Hitting: RHB Charles Schnoor
|
0-0: Called Strike 0-1: Ball 1-1: Ball 2-1: SINGLE (Line Drive, 9S, EV 112.5 MPH) Raymond Bresnahan to second
|
|
Pinch Hitting: RHB James English
|
0-0: Foul Ball, location: 2F 0-1: Fly out, F4 (Line Drive, 4, EV 63.1 MPH)
|
|
Pinch Hitting: RHB Ramon Olivares
|
0-0: Ball 1-0: Ball 2-0: Ball 3-0: Base on Balls Raymond Bresnahan to third Charles Schnoor to second
|
|
Batting: LHB Jesus Sandoval
|
0-0: Foul Ball, location: 2F 0-1: Foul Ball, location: 2F 0-2: Ball 1-2: Ball 2-2: Ball 3-2: Strikes out swinging
|
| Bottom of the 7th over - 0 runs, 1 hit, 0 errors, 3 left on base; Greensboro 9 - Burlington 2 |
| TOP OF THE 8TH |
|
Greensboro Hornets batting - Pitching for Burlington Senators : RHP John Minarcin
|
|
Now at 1B: John McBrain
|
|
|
Now at 2B: James English
|
|
|
Now at 3B: Ramon Olivares
|
|
|
Now in RF: Miguel Rodriguez
|
|
|
Batting: LHB Preston Cash
|
0-0: Foul Ball, location: 2F 0-1: Swinging Strike 0-2: SINGLE (Flyball, 56D, EV 92.5 MPH)
|
|
Batting: RHB Greg Jelks
|
0-0: Foul Ball, location: 2F 0-1: Foul Ball, location: 2F 0-2: Ball 1-2: Foul Ball, location: 2F 1-2: Strikes out looking
|
|
Batting: LHB Fernando Vazquez
|
0-0: Ball 1-0: Called Strike 1-1: Called Strike 1-2: Grounds into double play, 4-6-3 (Groundball, 4M, EV 80.6 MPH)
|
| Top of the 8th over - 0 runs, 1 hit, 0 errors, 0 left on base; Greensboro 9 - Burlington 2 |
| BOTTOM OF THE 8TH |
|
Burlington Senators batting - Pitching for Greensboro Hornets : LHP Ken Angulo
|
|
Batting: RHB Glenn Millhauser
|
0-0: Ball 1-0: Called Strike 1-1: Ground out 5-3 (Groundball, 56S, EV 93.8 MPH)
|
|
Batting: RHB Ronnie Mears
|
0-0: Called Strike 0-1: Ball 1-1: Foul Ball, location: 2F 1-2: Strikes out swinging
|
|
Batting: RHB Brad Bauman
|
0-0: Called Strike 0-1: Ball 1-1: Ball 2-1: Foul Ball, location: 2F 2-2: DOUBLE (Line Drive, 7LM, EV 110.0 MPH)
|
|
Batting: RHB Miguel Rodriguez
|
0-0: Called Strike 0-1: Ball 1-1: Ground out 6-3 (Groundball, 6M, EV 98.1 MPH)
|
| Bottom of the 8th over - 0 runs, 1 hit, 0 errors, 1 left on base; Greensboro 9 - Burlington 2 |
| TOP OF THE 9TH |
|
Greensboro Hornets batting - Pitching for Burlington Senators : RHP John Minarcin
|
|
Pitching: RHP Mark Garland
|
|
|
Batting: LHB Francisco Melendez
|
0-0: Ball 1-0: Foul Ball, location: 2F 1-1: Called Strike 1-2: Fly out, F6 (Line Drive, 6, EV 65.6 MPH)
|
|
Pinch Hitting: SHB Valentino Primante
|
0-0: Foul Ball, location: 2F 0-1: Ball 1-1: Ball 2-1: Ground out U3 (Groundball, 34S, EV 83.8 MPH)
|
|
Batting: LHB John Hughes
|
0-0: Foul Ball, location: 2F 0-1: Ball 1-1: Swinging Strike 1-2: Ball 2-2: Ground out 4-3 (Groundball, 4, EV 83.8 MPH)
|
| Top of the 9th over - 0 runs, 0 hits, 0 errors, 0 left on base; Greensboro 9 - Burlington 2 |
| BOTTOM OF THE 9TH |
|
Burlington Senators batting - Pitching for Greensboro Hornets : LHP Ken Angulo
|
|
Now at C: Valentino Primante
|
|
|
Batting: RHB Raymond Bresnahan
|
0-0: Called Strike 0-1: Ball 1-1: Ball 2-1: Foul Ball, location: 2F 2-2: Foul Ball, location: 2F 2-2: Foul Ball, location: 2F 2-2: Ball 3-2: SINGLE (Line Drive, 9LS, EV 108.8 MPH)
|
|
Batting: LHB John McBrain
|
0-0: Called Strike 0-1: Ball 1-1: Foul Ball, location: 2F 1-2: Fly out, F9 (Flyball, 9, EV 86.9 MPH)
|
|
Batting: RHB James English
|
0-0: Called Strike 0-1: Ball 1-1: SINGLE (Groundball, 6MD, EV 104.4 MPH) Raymond Bresnahan to second
|
|
Batting: RHB Ramon Olivares
|
0-0: Swinging Strike 0-1: Foul Ball, location: 2F 0-2: Foul Ball, location: 2F 0-2: Foul Ball, location: 2F 0-2: Foul Ball, location: 2F 0-2: Ball 1-2: Ground out 5-3 (Groundball, 5S, EV 65.6 MPH) Raymond Bresnahan to third James English to second
|
|
Batting: LHB Jesus Sandoval
|
0-0: Ball 1-0: Ball 2-0: Ball 3-0: Base on Balls
|
|
Batting: RHB Glenn Millhauser
|
0-0: Ball 1-0: SINGLE (Groundball, 56D, EV 95.6 MPH) Raymond Bresnahan scores James English to third Jesus Sandoval to second
|
|
Batting: RHB Ronnie Mears
|
0-0: Ball 1-0: Foul Ball, location: 2F 1-1: Foul Ball, location: 2F 1-2: Strikes out swinging
|
| Bottom of the 9th over - 1 run, 3 hits, 0 errors, 3 left on base; Greensboro 9 - Burlington 3 |
|